 Dungeon Crawl Stone Soup version 0.28.0-53-g5a82cb258f (webtiles) character file.

Game seed: 12070849912039804545

5629 101zpm the Thaumaturge (level 11, -1/66 HPs)
             Began as a Djinni Fire Elementalist on May 23, 2022.
             Slain by a white ugly thing (52 damage)
             ... on level 10 of the Dungeon.
             The game lasted 00:25:44 (9443 turns).

101zpm the Thaumaturge (Djinni Fire Elementalist)   Turns: 9443, Time: 00:25:44

Health: -1/66      AC:  5    Str:  7    XL:     11   Next: 3%
Gold:   608        EV: 16    Int: 20    God:
                   SH:  0    Dex: 15

rFire   + + +      SeeInvis .   x - staff of fire
rCold   x . .      Faith    .   z - orb {mayhem}
rNeg    . . .      Spirit   .   a - +1 troll leather armour
rPois   ∞          Reflect  .   (no helmet)
rElec   .          Harm     .   (no cloak)
rCorr   .          Rampage  .   (no gloves)
Will    +....                   (boots unavailable)
Stlth   ++........              g - amulet of regeneration
HPRegen 1.81/turn               A - +4 ring of evasion
MPRegen 0.00/turn               (no ring)

@: flying
A: sickness immunity, fire resistance 2, cold vulnerability 1, float, innate
caster, HP casting, extra vitality 1
a: no special abilities


You were on level 10 of the Dungeon.
You visited 1 branch of the dungeon, and saw 10 of its levels.
You also visited: Sewer.

You collected 608 gold pieces.

Inventory:

Missiles
 v - a throwing net
 I - 8 boomerangs
Armour
 a - a +1 troll leather armour (worn)
 z - an orb of mayhem (worn)
 H - a +2 robe of cold resistance
Magical Staves
 x - a staff of fire (weapon)
Jewellery
 f - a ring of fire
 g - an amulet of regeneration (around neck)
 j - an amulet of faith
 A - a +4 ring of evasion (left hand)
Wands
 k - a wand of digging (1)
 l - a wand of polymorph (6)
 o - a wand of flame (14)
 t - a wand of mindburst (8)
 D - a wand of iceblast (8)
 E - a wand of charming (6)
 F - a wand of paralysis (4)
Scrolls
 b - 2 scrolls of noise
 d - 2 scrolls of magic mapping
 e - a scroll of blinking
 h - 10 scrolls of teleportation
 m - 5 scrolls of fog
 s - a scroll of brand weapon
 y - 2 scrolls of identify
 G - a scroll of enchant weapon
Potions
 c - 5 potions of might
 i - 3 potions of magic
 n - 2 potions of lignification {unknown}
 p - 2 potions of invisibility {unknown}
 q - 5 potions of brilliance {unknown}
 r - a potion of haste {unknown}
 u - a potion of attraction {unknown}
 w - a potion of flight {unknown}
 B - a potion of curing {unknown}
 C - a potion of heal wounds {unknown}


   Skills:
 + Level 0.4 Fighting
 + Level 0.3 Armour
 + Level 3.3 Dodging
 + Level 3.8 Stealth
 + Level 11.8 Spellcasting


You had 6 spell levels left.
You knew the following spells:

 Your Spells              Type           Power      Damage    Failure   Level
a - Foxfire               Conj/Fire      100%       2x1d9     1%          1
b - Scorch                Fire           100%       2d10      1%          2
c - Conjure Flame         Conj/Fire      73%        6-21      1%          3
d - Inner Flame           Hex/Fire       73%        N/A       1%          3
e - Flame Wave            Conj/Fire      73%        2d13      1%          4
f - Sandblast             Erth           100%       2d20      1%          1
g - Searing Ray           Conj           100%       2d8       1%          2
h - Tukima's Dance        Hex            56%        N/A       1%          3
i - Hailstorm             Conj/Ice       56%        3d12      1%          4
j - Sticky Flame          Conj/Fire      73%        2d9       1%          4
Your spell library was empty.

Dungeon Overview and Level Annotations

Branches:
Dungeon (10/15)            Temple (0/1) D:5            Lair (0/6) D:8
  Sewer (visited)
    Orc: D:9-12

Altars:
Ashenzari
Nemelex Xobeh

Annotations:
D:5 1 runed translucent door, Crazy Yiuf
D:7 2 transporters, Grum; jaiteiro's ghost, novice GnWn


Innate Abilities, Weirdness & Mutations

You are immune to sickness and miasma.
You are immune to poison.
Your flesh is very heat resistant. (rF++)
You are vulnerable to cold. (rC-)
You float through the air rather than walking.
You learn spells naturally, not from books.
Your magical power is your life essence.
You have superior vitality. (+4 MHP)


Message History

Confirm with . or Enter, or press ? or * to list all spells.
You feel a surge of power!
Flames lash the white ugly thing.
The white ugly thing is burned terribly!
The white ugly thing is moderately wounded.
The white ugly thing punches you but does no damage.
Casting: Scorch (safe; 1% risk of failure)
Confirm with . or Enter, or press ? or * to list all spells.
Okay, then.
The white ugly thing is no longer more vulnerable to fire.
Casting: Scorch (safe; 1% risk of failure)
Confirm with . or Enter, or press ? or * to list all spells.
Aiming: Searing Ray (safe; 1% risk of failure)
Press: ? - help, Shift-Dir - straight line, f - gargoyle, p - two-headed ogre
Aim: a gargoyle (inner flame, 92% to hit)
Out of range.
Okay, then.
The white ugly thing closely misses you.
Casting: Searing Ray (safe; 1% risk of failure)
Confirm with . or Enter, or press ? or * to list all spells.
Aiming: Searing Ray (safe; 1% risk of failure)
Press: ? - help, Shift-Dir - straight line, f - gargoyle, p - two-headed ogre
Aim: a gargoyle (inner flame, 92% to hit)
Out of range.
Okay, then.
Casting: Searing Ray (safe; 1% risk of failure)
Confirm with . or Enter, or press ? or * to list all spells.
Okay, then.
Casting: Searing Ray (safe; 1% risk of failure)
Confirm with . or Enter, or press ? or * to list all spells.
Aiming: Sticky Flame (dangerous; 1% risk of failure)
Press: ? - help, Shift-Dir - straight line, f - white ugly thing, p - two-headed ogre
Aim: a white ugly thing (lightly wounded, 100% to hit)
You feel a surge of power!
The sticky flame hits the white ugly thing!
The white ugly thing is moderately wounded.
The white ugly thing is covered in liquid flames!
The white ugly thing burns!
The white ugly thing punches you! The white ugly thing freezes you!!!
You feel a terrible chill!
Ouch! That really hurt!
You die...

#.#######..##.............
#.......#..#.............>
#####......#..............
.#######......#..............
..............#..............
..............#..........####
..............#..........####
.............................
............@.####.#.........
.#######....u.# #.......####
#....O.####.......####
#####.....#..........#
######9....#..........# .
.......................# ...
########...............#
.....############.##.....###....#
......)(....9.O...##.....# #....#


You could see a white ugly thing (burning), a two-headed ogre (inner flame) and
a gargoyle (inner flame).

Vanquished Creatures
  3 trolls
  Grinder (D:5)
  A shadow (D:9)
  2 wyverns
  A steam dragon (D:8)
  A basilisk (D:9)
  Menkaure (D:6)
  A water moccasin (D:8)
  An acid dragon (D:4)
  Duvessa (D:5)
  3 orc warriors
  A black bear (D:8)
  An ice beast (D:6)
  2 sky beasts
  A necrophage (D:6)
  2 ogres
  5 centaurs
  A kobold brigand (D:9)
  Blork the orc (D:6)
  2 bullfrogs (Sewer)
  A gnoll sergeant (D:9)
  2 scorpions (D:5)
  A water moccasin skeleton (D:4)
  Dowan (D:5)
  2 howler monkeys (D:8)
  6 wights (D:8)
  3 electric eels (D:9)
  A bullfrog zombie (D:6)
  A centaur zombie (D:7)
  A jelly (D:4)
  3 gnoll shamans
  2 orc priests
  A centaur skeleton (D:7)
  8 iguanas
  Ijyb (D:5)
  Natasha (thrice) (D:2)
  8 orc wizards
  A hound zombie (D:5)
  A howler monkey zombie (D:8)
  23 gnolls
  A howler monkey skeleton (D:5)
  16 adders
  6 river rats (Sewer)
  A white imp (D:6)
  An adder skeleton (D:4)
  2 worms (D:2)
  4 dart slugs
  18 orcs
  19 ball pythons
  4 bats
  11 endoplasms
  5 giant cockroaches
  7 hobgoblins
  2 quokkas
  5 frilled lizards
  11 goblins
  14 kobolds
  22 rats
251 creatures vanquished.

Vanquished Creatures (collateral kills)
  An orc (D:7)
1 creature vanquished.

Vanquished Creatures (others)
  3 dancing weapons
  A bullfrog (D:7)
  1064 foxfires
  6 plants (D:7)
1074 creatures vanquished.

Grand Total: 1326 creatures vanquished

Notes
Turn   | Place    | Note
-------+----------+-------------------------------------------
     0 | D:1      | 101zpm the Djinni Fire Elementalist began the quest for the
                  | Orb.
     0 | D:1      | Reached XP level 1. HP: 15/15 MP: 0/0
   465 | D:1      | Reached XP level 2. HP: 17/21 MP: 0/0
  1073 | D:1      | Reached skill level 3 in Spellcasting
  1210 | D:1      | Reached XP level 3. HP: 25/25 MP: 0/0
  1210 | D:1      | Learned a level 1 spell: Sandblast
  1220 | D:2      | Found a sparkling altar of Nemelex Xobeh.
  1393 | D:2      | Reached XP level 4. HP: 31/31 MP: 0/0
  1489 | D:2      | You are sucked into a shaft and drop 1 floor!
  1672 | D:3      | Reached XP level 5. HP: 34/35 MP: 0/0
  1672 | D:3      | Learned a level 2 spell: Searing Ray
  1897 | D:3      | Reached skill level 4 in Spellcasting
  2211 | D:2      | Noticed Natasha
  2223 | D:2      | Killed Natasha
  2308 | D:2      | Noticed Natasha
  2313 | D:2      | Killed Natasha
  2430 | D:2      | Noticed Natasha
  2435 | D:2      | Killed Natasha
  2436 | D:2      | Reached XP level 6. HP: 40/40 MP: 0/0
  2566 | D:4      | Found a broken altar of Ashenzari.
  2623 | D:4      | Reached skill level 5 in Spellcasting
  2624 | D:4      | Found a glowing drain.
  2630 | Sewer    | Entered a sewer
  2831 | Sewer    | Reached XP level 7. HP: 45/45 MP: 0/0
  2831 | Sewer    | Learned a level 3 spell: Tukima's Dance
  2965 | D:4      | Reached skill level 6 in Spellcasting
  3312 | D:4      | Noticed an acid dragon
  3315 | D:4      | Killed an acid dragon
  3316 | D:4      | Reached XP level 8. HP: 32/50 MP: 0/0
  3538 | D:4      | Reached skill level 7 in Spellcasting
  3894 | D:5      | Entered Level 5 of the Dungeon
  4145 | D:5      | Noticed Grinder
  4150 | D:5      | Killed Grinder
  4312 | D:6      | Noticed Blork the orc
  4316 | D:6      | Killed Blork the orc
  4317 | D:6      | Reached skill level 8 in Spellcasting
  4322 | D:6      | Noticed Menkaure
  4326 | D:6      | Killed Menkaure
  4327 | D:6      | Reached XP level 9. HP: 53/55 MP: 0/0
  4327 | D:6      | Learned a level 4 spell: Hailstorm
  5112 | D:7      | Reached skill level 9 in Spellcasting
  5669 | D:5      | Found a staircase to the Ecumenical Temple.
  5811 | D:5      | Noticed Dowan
  5814 | D:5      | Killed Dowan
  5814 | D:5      | Noticed Duvessa
  5821 | D:5      | Killed Duvessa
  5992 | D:5      | Noticed Ijyb
  5995 | D:5      | Killed Ijyb
  6106 | D:5      | Found a runed translucent door.
  6107 | D:5      | Noticed Crazy Yiuf
  6822 | D:7      | Reached XP level 10. HP: 51/60 MP: 0/0
  6826 | D:7      | Reached skill level 10 in Spellcasting
  7369 | D:8      | Found a staircase to the Lair.
  7773 | D:7      | Noticed Grum
  7889 | D:7      | Found a transporter.
  7890 | D:7      | Found a transporter.
  7903 | D:7      | Noticed jaiteiro's ghost (novice GnWn)
  8427 | D:8      | Reached skill level 11 in Spellcasting
  8973 | D:9      | Reached XP level 11. HP: 25/66 MP: 0/0
  8973 | D:9      | Learned a level 4 spell: Sticky Flame
  9320 | D:10     | Entered Level 10 of the Dungeon
  9416 | D:10     | Noticed a two-headed ogre
  9419 | D:10     | Noticed a white ugly thing
  9443 | D:10     | Slain by a white ugly thing

Illustrated notes

Levels and vault maps discovered:
D:1:      lemuel_arrival_funnel, layout_loops_ring,
          chequers_serial_rivers_large_a
D:2:      layout_rooms, basic_altar, uniq_natasha
D:3:      layout_basic, minmay_goblin_kobold_house
D:4:      layout_gridville, old_standard_altar, portal_sewer_entry_c,
          kennysheep_generic_room_5
D:5:      layout_layer_cave, minmay_temple_entry_drinking_statues, uniq_ijyb,
          uniq_duvessa, uniq_crazy_yiuf_cottage, uniq_grinder
D:6:      layout_layer_cave, uniq_menkaure, uniq_blork_the_orc
D:7:      layout_loops_ring, gammafunk_ghost_gnarly_gnolls
D:8:      layout_cave_pods, lair_entry_dummy
D:9:      layout_rooms, st_stairs_10, amcnicky_mini_rare_corridor_liquid,
          disabler_island
D:10:     layout_basic, serial_shops, nicolae_shop_statue_plus

Skill      XL: |  1  2  3  4  5  6  7  8  9 10 |
---------------+-------------------------------+-----
Spellcasting   | 3 4 5 6 8 9 11 | 11.8
Stealth        | 2 3 |  3.8
Dodging        | 3 |  3.3
Fighting       | |  0.4
Armour         | |  0.3

Action                   |  1- 3 |  4- 6 |  7- 9 | 10-12 || total
-------------------------+-------+-------+-------+-------++-------
 Cast: Foxfire           |    70 |   258 |   188 |   145 ||   661
       Scorch            |    14 |     4 |    29 |    24 ||    71
       Inner Flame       |       |    13 |    59 |    33 ||   105
       Tukima's Dance    |       |       |       |     5 ||     5
       Sticky Flame      |       |       |       |     1 ||     1
  Use: Scroll            |       |     3 |     5 |     6 ||    14
Armor: Robe              |     3 |     4 |     2 |     1 ||    10
       Troll leather arm |       |       |       |     1 ||     1
Dodge: Dodged            |     6 |    11 |    13 |    28 ||    58
